 Dungeon Sprint DCSS version 0.31.0-32-g396128a36d (webtiles) character file.

Game seed: 6219683783056622403

57841 Heoruswealwe the Heavyweight Champion (level 14, 0/192 HPs)
             Began as a Troll Fighter on Mar 28, 2024.
             Was an Initiate of Gozag.
             Killed from afar by an ironbound thunderhulk (20 damage)
             ... with a bolt of lightning
             ... in the Dungeon (Sprint IX: "|||||||||||||||||||||||||||||").
             The game lasted 00:36:54 (4815 turns).

Heoruswealwe the Heavyweight Champion (TrFi)        Turns: 4815, Time: 00:36:55

Health: 0/192      AC: 24    Str: 33    XL:     14   Next: 47%
Magic:  13/13      EV:  3    Int:  6    God:    Gozag
Gold:   1629       SH:  9    Dex: 10    Spells: 13/13 levels left

rFire   + +          +
                       - Unarmed
rCold   + + +        d - +2 shield of Resistance {rF++ rC++ Will++}
rNeg    + . .        c - +3 gold dragon scales
rPois   +            g - +2 hat {Int+3}
rElec   .            m - +2 ratskin cloak {*Rats rPois rN+ Str-1 Int-1 Dex+1}
rCorr   .            (gloves unavailable)
SInv    .            (boots unavailable)
Will    +++..        i - amulet of regeneration Stlth
                     k - +3 ring of strength
HPRegen 2.12/turn    j - +2 ring of protection
MPRegen 0.13/turn

%: no teleportation
@: mighty, gold aura, hasted, very quick
A: large, unfitting armour, claws 3, regeneration 1, shaggy fur 1, tough skin 1
a: Renounce Religion, Potion Petition, Call Merchant, Bribe Branch


You were in the Dungeon.
You worshipped Gozag.
Gozag was most pleased with you.
You visited 1 branch You collected 14727 gold pieces.
You spent 8210 gold pieces at shops.
You paid 4888 gold pieces to Gozag.

Inventory:

Hand Weapons
 a - a +3 bardiche of protection
Armour
 c - +3 gold dragon scales (worn)
 d - the +2 shield of Resistance (worn) {rF++ rC++ Will++}
   (You bought it in a shop in the Dungeon)

   rF++:      It greatly protects you from fire.
   rC++:      It greatly protects you from cold.
   Will++:    It greatly increases your willpower.
 g - a +2 hat of intelligence (worn)
 m - the +2 ratskin cloak (worn) {*Rats rPois rN+ Str-1 Int-1 Dex+1}
   (You acquired it in the Dungeon)

   *Rats:     When the wearer is hurt, rats may emerge from it to assist them.
   Str-1:     It affects your strength (-1).
   Int-1:     It affects your intelligence (-1).
   Dex+1:     It affects your dexterity (+1).
   rPois:     It protects you from poison rN+: It protects you from negative
   energy.
 A - the +2 cloak of the Thief {*Fog Slay-2 SInv Stlth+}
   (You bought it in a shop in the Dungeon)

   *Fog:      It may release a thick cloud of smoke when the wearer is hurt.
   Slay-2:    It affects your accuracy & damage with ranged weapons and melee
   (-2).
   SInv:      It lets you see invisible.
   Stlth+:    It makes you more stealthy.
Jewellery
 i - an amulet of regeneration (around neck)
 j - a +2 ring of protection (right claw)
 k - a +3 ring of strength (left claw)
Wands
 l - a wand of roots (21)
 z - a wand of paralysis (15)
Scrolls
 h - 4 scrolls of blinking
 r - 3 scrolls of identify
 s - 6 scrolls of enchant weapon
Potions
 b - 7 potions of curing
 e - 2 potions of invisibility
 f - 3 potions of haste
 n - 2 potions of might
 o - 2 potions of mutation
 u - 6 potions of magic
 v - 2 potions of enlightenment
 x - 2 potions of berserk rage
 C - 3 potions of ambrosia
Miscellaneous
 p - a phial of floods
 q - a box of beasts


   Skills:
 + Level 25.3 Fighting
 - Level 2.4 Dodging
 - Level 2.6 Shields
 O Level 27 Unarmed Combat


You had 13 spell levels left.
You didn't know any spells.
Your spell library was empty.

Dungeon Overview and Level Annotations

Branches:
Dungeon (1/1)

Altars:
Cheibriados
Dithmenos
Elyvilon
Fedhas
Gozag
Hepliaklqana
Kikubaaqudgha
Makhleb
Nemelex Xobeh
Okawaru
Qazlal
Ru
Sif Muna
Trog
Uskayaw
Vehumet
Wu Jian
Xom
Yredelemnul
Zin
The Shining One
Jiyva
Lugonu

Shops:
D (*[=[*[


Innate Abilities, Weirdness & Mutations

You are too large for most types of armour.
You have claws for hands.
Your natural rate of healing is unusually fast.
You are covered in fur. (AC +1)
You have tough skin. (AC +1)


Message History

Your river rat dies!
A bolt of lightning appears from out of thin air!
The bolt of lightning hits you!!
* * * LOW HITPOINT WARNING * * *
The ironbound thunderhulk shouts!
You hear a shout!
You feel much better.
The ironbound thunderhulk is distracted by your dazzling golden aura.
Items here: $ ))))))) [[[[[[.
The ironbound thunderhulk shouts!
You eviscerate Nikola!!!
Nikola is moderately wounded.
Nikola hits you with a +1 rapier of electrocution.
* * * LOW HITPOINT WARNING * * *
You eviscerate Nikola!!!
Nikola is severely wounded.
You claw Nikola!
Nikola is severely wounded.
You block Nikola's attack.
You mangle Nikola!!
Nikola is almost dead.
You eviscerate Nikola!!!!
You kill Nikola!
Items here: $ ))))))) [[[[[[.
There is an open door to the Vaults, spattered with blood here.
You see here 63 gold pieces.
The ironbound thunderhulk is no longer distracted by gold.
Electricity crackles from the ironbound thunderhulk's apparatus.
The bolt of lightning hits you!!!
* * * LOW HITPOINT WARNING * * *
You feel better.
You feel better.
Electricity crackles from the ironbound thunderhulk's apparatus.
The bolt of lightning hits you!
* * * LOW HITPOINT WARNING * * *
A hell rat scurries out from under your cloak.
You feel better.
Electricity crackles from the ironbound thunderhulk's apparatus.
The bolt of lightning hits you!!
You die...
Your body crumbles into a pile of gold.

,+,,,,,,,,,,,,,+,,,,,,,,,,,,,+,,,
*********************************
,,,,,,,,,,,,,,,,,,,,,,,,,,,,,,,,,
*********************************
,,,,,,,,,,,,,,,,,,,,,,,,,,,,,,,,,
*********************************
,,,,,,,,,,,,,,,,,,,,,,,,,,,,,,,,,
▓▓▓▓▓▓▓▓▓▓▓▓▓▓▓▓▓▓▓▓▓▓▓▓▓▓*******
..............r.@$.$O$....,,,,,,,
▓▓▓▓▓▓▓▓▓▓▓▓▓▓▓▓▓▓▓▓▓▓▓▓▓▓▓▓▓▓▓▓▓
.................................
▓▓▓▓▓♣♣♣♣♣♣♣♣♣♣▓▓▓▓▓▓▓▓▓▓▓▓▓▓▓▓▓▓
....)'.........'.........'.).....
▓▓▓▓▓♣♣♣♣♣♣♣♣♣♣▓▓▓▓▓▓▓▓▓▓▓▓▓▓▓▓▓▓
.................................
▓▓▓▓▓▓▓▓▓▓▓▓▓▓▓▓▓▓▓▓▓▓▓▓▓▓▓▓▓▓▓▓▓
)))[.[[[[[[[.?!......['..........


You could see an ironbound thunderhulk (ally target) and a friendly hell rat.

Vanquished Creatures
  Nikola (D)
  Gastronok (D)
  2 tengu reavers (D)
  2 fire giants (D)
  A frost giant (D)
  4 ironbound preservers (D)
  4 very ugly things (D)
  3 stone giants (D)
  A formless jellyfish (D)
  2 ettins (D)
  A fire dragon (D)
  A merfolk impaler (D)
  A yaktaur captain (D)
  A rakshasa (D)
  An ice dragon (D)
  2 hydras (D)
  An ironbound frostheart (D)
  A catoblepas (D)
  2 boulder beetles (D)
  A two-headed ogre (D)
  An anaconda (D)
  3 tengu warriors (D)
  2 orc high priests (D)
  Urug (D)
  3 demonic crawlers (D)
  A deep troll earth mage (D)
  Nergalle (D)
  2 occultists (D)
  2 spriggans (D)
  3 spriggan berserkers (D)
  2 pharaoh ants (D)
  2 orb spiders (D)
  A spriggan druid (D)
  A swamp dragon (D)
  A lindwurm (D)
  2 ironbound convokers (D)
  2 orc knights (D)
  A wolf spider (D)
  3 orc sorcerers (D)
  A moth of wrath (D)
  A will-o-the-wisp (D)
  2 meliai (D)
  3 manticores (D)
  Maurice (D)
  2 ugly things (D)
  2 cyclopes (D)
  5 black mambas (D)
  A guardian serpent (D)
  A water nymph (D)
  2 naga magi (D)
  3 cane toads (D)
  A torpor snail (D)
  A rime drake (D)
  A yaktaur (D)
  A guardian mummy (D)
  A troll (D)
  3 hornets (D)
  4 tyrant leeches (D)
  3 blink frogs (D)
  4 snapping turtles (D)
  2 slime creatures (D)
  A wyvern (D)
  2 basilisks (D)
  4 vampire mosquitoes (D)
  A steam dragon (D)
  4 water moccasins (D)
  9 orc warriors (D)
  A swamp drake (D)
  A black bear (D)
  An ogre (D)
  6 bullfrogs (D)
  A killer bee (D)
  A howler monkey (D)
  6 orc priests (D)
  An iguana (D)
  3 orc wizards (D)
  An adder (D)
  15 orcs (D)
  A ball python (D)
  An endoplasm (D)
  A goblin (D)
  A bat (D)
  A kobold (D)
175 creatures vanquished.

Vanquished Creatures (others)
  An ironbound convoker (D)
  A naga (D)
  A boggart (D)
  2 foxfires (D)
5 creatures vanquished.

Grand Total: 180 creatures vanquished

Notes
Turn   | Place    | Note
-------+----------+-------------------------------------------
     0 | D        | Heoruswealwe the Troll Fighter began the quest for the Orb.
     0 | D        | Reached XP level 1. HP: 22/22 MP: 0/0
    15 | D        | Reached skill level 3 in Unarmed Combat
    21 | D        | Noticed an iguana
    21 | D        | Noticed an ogre
    21 | D        | Noticed a black bear
    21 | D        | Noticed a howler monkey
    26 | D        | Killed an iguana
    27 | D        | Reached skill level 4 in Unarmed Combat
    27 | D        | Reached XP level 2. HP: 20/33 MP: 1/1
    27 | D        | Reached XP level 3. HP: 24/40 MP: 2/2
    30 | D        | Killed an ogre
    31 | D        | Reached skill level 6 in Unarmed Combat
    31 | D        | Reached XP level 4. HP: 30/52 MP: 3/3
    36 | D        | Killed a black bear
    37 | D        | Reached skill level 8 in Unarmed Combat
    37 | D        | Reached XP level 5. HP: 20/62 MP: 4/4
    46 | D        | Found a snail-covered altar of Cheibriados.
    46 | D        | Found a shadowy altar of Dithmenos.
    46 | D        | Found a white marble altar of Elyvilon.
    46 | D        | Found a blossoming altar of Fedhas.
    46 | D        | Found an opulent altar of Gozag.
    47 | D        | Found a hazy altar of Hepliaklqana.
    48 | D        | Found a viscous altar of Jiyva.
    49 | D        | Found an ancient bone altar of Kikubaaqudgha.
    50 | D        | Found a corrupted altar of Lugonu.
    51 | D        | Found a burning altar of Makhleb.
    52 | D        | Found a sparkling altar of Nemelex Xobeh.
    53 | D        | Found an iron altar of Okawaru.
    54 | D        | Became a worshipper of Gozag Ym Sagoz the Greedy
    55 | D        | Found a stormy altar of Qazlal.
    56 | D        | Found a sacrificial altar of Ru.
    57 | D        | Found a shimmering blue altar of Sif Muna.
    58 | D        | Found a bloodstained altar of Trog.
    59 | D        | Found a hide-covered altar of Uskayaw.
    60 | D        | Found a radiant altar of Vehumet.
    61 | D        | Found an ornate altar of the Wu Jian Council.
    62 | D        | Found a shimmering altar of Xom.
    63 | D        | Found a basalt altar of Yredelemnul.
    64 | D        | Found a glowing silver altar of Zin.
    65 | D        | Found a glowing golden altar of the Shining One.
    91 | D        | Noticed a steam dragon
    91 | D        | Noticed a troll
    91 | D        | Noticed a hornet
    95 | D        | Reached skill level 9 in Unarmed Combat
    95 | D        | Reached XP level 6. HP: 65/72 MP: 5/5
    96 | D        | Killed a steam dragon
    97 | D        | Reached skill level 10 in Unarmed Combat
   104 | D        | Killed a troll
   105 | D        | Reached skill level 11 in Unarmed Combat
   105 | D        | Reached XP level 7. HP: 32/84 MP: 6/6
   155 | D        | Killed a hornet
   156 | D        | Reached skill level 10 in Fighting
   156 | D        | Reached skill level 12 in Unarmed Combat
   179 | D        | Noticed a two-headed ogre
   179 | D        | Noticed a vampire mosquito
   179 | D        | Noticed a cyclops
   179 | D        | Noticed a manticore
   179 | D        | Noticed a tengu warrior
   179 | D        | Noticed a vampire mosquito
   186 | D        | Killed a two-headed ogre
   187 | D        | Reached skill level 13 in Unarmed Combat
   187 | D        | Reached XP level 8. HP: 51/98 MP: 7/7
   190 | D        | Killed a cyclops
   191 | D        | Reached skill level 14 in Unarmed Combat
   238 | D        | Killed a manticore
   239 | D        | Reached XP level 9. HP: 100/109 MP: 8/8
   241 | D        | Killed a tengu warrior
   242 | D        | Reached skill level 15 in Unarmed Combat
   394 | D        | Reached skill level 16 in Unarmed Combat
   408 | D        | Reached XP level 10. HP: 94/122 MP: 9/9
   431 | D        | Noticed a torpor snail
   431 | D        | Noticed a cane toad
   434 | D        | Noticed a lindwurm
   440 | D        | Killed a torpor snail
   442 | D        | Reached skill level 17 in Unarmed Combat
   465 | D        | Killed a cane toad
   470 | D        | Killed a lindwurm
   471 | D        | Reached skill level 15 in Fighting
   550 | D        | Noticed a cane toad
   550 | D        | Noticed a cane toad
   556 | D        | Killed a cane toad
   559 | D        | Reached skill level 18 in Unarmed Combat
   590 | D        | Killed a cane toad
   967 | D        | Noticed an orc knight
   971 | D        | Killed an orc knight
   972 | D        | Reached XP level 11. HP: 105/135 MP: 10/10
   988 | D        | Reached skill level 19 in Unarmed Combat
  1087 | D        | Found Yguoh's Weapon Emporium.
  1087 | D        | Noticed an orc sorcerer
  1087 | D        | Noticed an orc high priest
  1087 | D        | Noticed an orc sorcerer
  1088 | D        | Killed an orc sorcerer
  1097 | D        | Killed an orc high priest
  1105 | D        | Killed an orc sorcerer
  1113 | D        | Noticed an orc high priest
  1122 | D        | Noticed a sixfirhy
  1127 | D        | Noticed an orc knight
  1133 | D        | Killed an orc high priest
  1147 | D        | Killed an orc knight
  1148 | D        | Reached skill level 20 in Unarmed Combat
  1233 | D        | Found Heinaoz's Distillery.
  1237 | D        | Found Feaximm's Distillery.
  1241 | D        | Found Lirchaof's Distillery.
  1244 | D        | Noticed an orc sorcerer
  1265 | D        | Killed an orc sorcerer
  1403 | D        | Bought a potion of heal wounds for 60 gold pieces
  1403 | D        | Bought a potion of curing for 36 gold pieces
  1403 | D        | Bought a potion of attraction for 36 gold pieces
  1403 | D        | Bought a potion of invisibility for 96 gold pieces
  1403 | D        | Bought a potion of ambrosia for 96 gold pieces
  1403 | D        | Bought a potion of brilliance for 48 gold pieces
  1403 | D        | Bought a potion of heal wounds for 60 gold pieces
  1405 | D        | Bought a potion of haste for 140 gold pieces
  1405 | D        | Bought a potion of might for 56 gold pieces
  1405 | D        | Bought a potion of degeneration for 14 gold pieces
  1405 | D        | Bought a potion of heal wounds for 70 gold pieces
  1405 | D        | Bought a potion of ambrosia for 112 gold pieces
  1405 | D        | Bought a potion of might for 56 gold pieces
  1405 | D        | Bought a potion of magic for 112 gold pieces
  1405 | D        | Bought a potion of curing for 42 gold pieces
  1405 | D        | Bought a potion of lignification for 42 gold pieces
  1405 | D        | Bought a potion of magic for 112 gold pieces
  1407 | D        | Bought a potion of enlightenment for 70 gold pieces
  1407 | D        | Bought a potion of curing for 42 gold pieces
  1407 | D        | Bought a potion of curing for 42 gold pieces
  1407 | D        | Bought a potion of lignification for 42 gold pieces
  1407 | D        | Bought a potion of lignification for 42 gold pieces
  1407 | D        | Bought a potion of ambrosia for 112 gold pieces
  1407 | D        | Bought a potion of degeneration for 14 gold pieces
  1448 | D        | Bought a potion of mutation for 136 gold pieces
  1448 | D        | Bought a scroll of identify for 34 gold pieces
  1448 | D        | Bought a wand of roots (7) for 285 gold pieces
  1451 | D        | Bought the +2 shield of Resistance {rF++ rC++ Will++} for
                  | 1621 gold pieces
  1451 | D        | Found the +2 shield of Resistance {rF++ rC++ Will++}
  1451 | D        | Bought a runed robe for 85 gold pieces
  1451 | D        | Bought an embroidered robe for 85 gold pieces
  1456 | D        | Bought a scroll of identify for 56 gold pieces
  1456 | D        | Bought a gold wand for 112 gold pieces
  1456 | D        | Bought a scroll labelled EBOIDEGOUMP for 28 gold pieces
  1456 | D        | Bought the +2 cloak of the Thief {*Fog Slay-2 SInv Stlth+}
                  | for 562 gold pieces
  1456 | D        | Found the +2 cloak of the Thief {*Fog Slay-2 SInv Stlth+}
  1808 | D        | Acquired the +2 ratskin cloak {*Rats rPois rN+ Str-1 Int-1
                  | Dex+1}
  1808 | D        | Found the +2 ratskin cloak {*Rats rPois rN+ Str-1 Int-1
                  | Dex+1}
  2164 | D        | Noticed Urug
  2172 | D        | Killed Urug
  3168 | D        | Noticed a four-headed hydra
  3168 | D        | Noticed a catoblepas
  3168 | D        | Noticed a rakshasa
  3193 | D        | Killed a seven-headed hydra
  3196 | D        | Noticed a brown ugly thing
  3199 | D        | Noticed a stone giant
  3201 | D        | Killed a catoblepas
  3201 | D        | Noticed a red ugly thing
  3202 | D        | Noticed a deep troll earth mage
  3212 | D        | Noticed a spriggan berserker
  3224 | D        | Killed a brown ugly thing
  3225 | D        | Reached skill level 21 in Unarmed Combat
  3228 | D        | Killed a rakshasa
  3231 | D        | Noticed a spriggan berserker
  3236 | D        | Killed a stone giant
  3237 | D        | Reached XP level 12. HP: 76/152 MP: 11/11
  3238 | D        | Noticed a death yak
  3245 | D        | Killed a deep troll earth mage
  3271 | D        | Reached skill level 22 in Unarmed Combat
  3477 | D        | Bought a phial of floods for 1120 gold pieces
  3654 | D        | Noticed Gastronok
  3669 | D        | Killed Gastronok
  3754 | D        | Noticed a merfolk impaler
  3755 | D        | Noticed a formless jellyfish
  3762 | D        | Killed a merfolk impaler
  3766 | D        | Killed a formless jellyfish
  3791 | D        | Reached skill level 23 in Unarmed Combat
  3913 | D        | Noticed a six-headed hydra
  3915 | D        | Killed an eight-headed hydra
  3960 | D        | Reached XP level 13. HP: 118/166 MP: 12/12
  3995 | D        | Reached skill level 24 in Unarmed Combat
  4087 | D        | Reached skill level 25 in Unarmed Combat
  4126 | D        | Bought an embroidered cloak for 210 gold pieces
  4134 | D        | Noticed Maurice
  4137 | D        | Maurice stole a phial of floods
  4139 | D        | Killed Maurice
  4143 | D        | Noticed Nergalle
  4153 | D        | Killed Nergalle
  4230 | D        | Noticed a stone giant
  4230 | D        | Noticed a frost giant
  4230 | D        | Noticed a fire giant
  4230 | D        | Noticed a fire giant
  4231 | D        | Noticed an ettin
  4232 | D        | Noticed a tengu reaver
  4234 | D        | Killed a stone giant
  4237 | D        | Killed a frost giant
  4240 | D        | Killed a fire giant
  4241 | D        | Noticed a green very ugly thing
  4244 | D        | Killed a fire giant
  4248 | D        | Noticed a green very ugly thing
  4256 | D        | Killed a tengu reaver
  4257 | D        | Reached skill level 26 in Unarmed Combat
  4265 | D        | Noticed a purple very ugly thing
  4271 | D        | Killed a purple very ugly thing
  4273 | D        | Killed a purple very ugly thing
  4280 | D        | Killed a purple very ugly thing
  4282 | D        | Noticed a tengu reaver
  4288 | D        | Killed an ettin
  4292 | D        | Killed a tengu reaver
  4352 | D        | Noticed a green very ugly thing
  4354 | D        | Noticed a stone giant
  4369 | D        | Killed a green very ugly thing
  4370 | D        | Reached XP level 14. HP: 78/185 MP: 13/13
  4386 | D        | Killed a stone giant
  4394 | D        | Reached skill level 27 in Unarmed Combat
  4596 | D        | Bought glowing gold dragon scales for 2324 gold pieces
  4717 | D        | Noticed an ironbound preserver
  4717 | D        | Noticed an ironbound preserver
  4723 | D        | Noticed an ironbound preserver
  4727 | D        | Killed an ironbound preserver
  4727 | D        | Killed an ironbound preserver
  4748 | D        | Killed an ironbound preserver
  4749 | D        | Noticed an ironbound preserver
  4784 | D        | Killed an ironbound preserver
  4786 | D        | Noticed an ironbound thunderhulk
  4788 | D        | Noticed Nikola
  4799 | D        | HP: 7/192 [Nikola/arc of chain lightning (35)]
  4807 | D        | Killed Nikola
  4812 | D        | HP: 9/192 [ironbound thunderhulk/bolt of lightning (40)]
  4815 | D        | Killed from afar by an ironbound thunderhulk

Illustrated notes

Levels and vault maps discovered:
D:        linesprint [early_d, line_temple, items_1, d_10, items_2, lair_1,
          lair_end, items_3, orc_1, orc_end, items_4, d_15, swamp_1, shoals_1,
          snake_1, spider_1, d_20, vaults_1, items_5, swamp_end, shoals_end,
          snake_end, spider_end, vaults_end, d_27, items_6, zot_1, zot_end,
          crypt_end, forest_end, elf_end, slime_end, tomb_end, abyss_end,
          pan_hell_end]

Skill      XL: |  1  2  3  4  5  6  7  8  9 10 11 12 13 14 |
---------------+-------------------------------------------+-----
Fighting       | 4 6 7 9 11 12 14 16 18 20 23 25 | 25.3
Unarmed Combat | 4 6 8 9 11 13 14 16 18 21 23 26 27 | 27.0
Dodging        | |  2.4
Shields        | |  2.6

Action                     |  1- 3 |  4- 6 |  7- 9 | 10-12 | 13-15 || total
---------------------------+-------+-------+-------+-------+-------++-------
  Melee: Unarmed           |    14 |    21 |    42 |   314 |   182 ||   573
         Punch             |       |     1 |     5 |    16 |       ||    22
 Invoke: Call Merchant     |       |       |       |     3 |     3 ||     6
    Use: Potion            |     1 |       |     1 |     6 |    10 ||    18
         Scroll            |       |       |       |     3 |     2 ||     5
   Stab: Distracted        |       |       |       |       |     1 ||     1
 Armour: Robe              |     4 |    22 |    27 |    94 |       ||   147
         Swamp dragon scal |       |       |       |    89 |    87 ||   176
         Gold dragon scale |       |       |       |       |    28 ||    28
  Dodge: Dodged            |     4 |     7 |    10 |    62 |    26 ||   109
  Block: Kite shield       |       |       |       |    49 |    50 ||    99
